 Dungeon Crawl Stone Soup version 0.22-a0-443-g17c3723 (webtiles) character file.

89 Gorglomux the Covered (level 4, 0/29 HPs)
             Began as a Gargoyle Fighter on June 1, 2018.
             Slain by an orc
             ... wielding a +0 flail
              (2 damage)
             ... on level 3 of the Dungeon.
             The game lasted 00:00:37 (566 turns).

Gorglomux the Covered (Gargoyle Fighter)             Turns: 566, Time: 00:00:38

Health: 0/29       AC: 10    Str: 21    XL:     4   Next: 55%
Magic:  4/4        EV:  7    Int:  8    God:
Gold:   70         SH:  9    Dex:  9    Spells: 3/3 levels left

rFire    . . .     SeeInvis .   a - +0 war axe
rCold    . . .     Gourm    .   c - +0 shield
rNeg     + . .     Faith    .   b - +0 scale mail
rPois    ∞         Spirit   .   (no helmet)
rElec    +         Reflect  .   (no cloak)
rCorr    .         Harm     .   (no gloves)
MR       .....                  (no boots)
Stlth    ..........             (no amulet)
HPRegen  0.09/turn              (no ring)
MPRegen  0.09/turn              (no ring)

@: no status effects
A: negative energy resistance 1, electricity resistance, unbreathing,
petrification resistance, rot immunity, AC +3
a: no special abilities


You were on level 3 of the Dungeon.
You were not hungry.

You visited 1 branch of the dungeon, and saw 3 of its levels.

You collected 70 gold pieces.

Inventory:

Hand Weapons
 a - a +0 war axe (weapon)
Armour
 b - a +0 scale mail (worn)
 c - a +0 shield (worn)
Scrolls
 g - 2 scrolls of identify {unknown}
 i - a scroll of remove curse {unknown}
 m - a scroll of teleportation {unknown}
Potions
 d - a potion of might
 k - a potion of heal wounds {unknown}
 l - a potion of agility {unknown}
 n - a potion of haste {unknown}
Comestibles
 f - a ration
 o - 11 chunks of flesh


   Skills:
 + Level 4.0 Fighting
 + Level 2.6 Axes
 + Level 4.0 Armour
 + Level 4.0 Shields


You had 3 spell levels left.
You didn't know any spells.
Your spell library was empty.

Dungeon Overview and Level Annotations

Branches:
Dungeon (3/15)

Altars:
Zin


Innate Abilities, Weirdness & Mutations

You are resistant to torment.
Your stone body is resilient. (AC +3)
You are immune to poison.
You resist negative energy. (rN+)
You are resistant to electric shocks. (rElec)
You can survive without breathing.
You are immune to petrification.
You are immune to rotting.


Message History

You annihilate the orc wizard!!!
Your Fighting skill increases to level 4!!!
Your Armour skill increases to level 4!!!
Your Shields skill increases to level 4!!!
You carve the orc like a ham!
You annihilate the orc!!!
The orc hits you but does no damage!
Unknown command!
You closely miss the orc! The orc barely misses you!
You chop the orc into pieces!
The orc is moderately wounded!
The orc hits you with a flail! * * * don't die
* * * You barely miss the orc!
The orc is moderately wounded!
The orc barely misses you!
You chop the orc into pieces!
The orc is heavily wounded!
The orc hits butt with a flail! rip

#
###############...
..........)).....#
).[....<..@o#
..........†..[....
..................
..................
...............###
...............#
...............#
.............#.#


You could see an orc.

Vanquished Creatures
  An orc wizard (D:3)
  3 adders (D:2)
  An ooze (D:2)
  A worm (D:2)
  A dart slug (D:1)
  2 orcs (D:3)
  2 giant cockroaches
  6 goblins
  A hobgoblin (D:2)
  A quokka (D:3)
  2 bats
  A frilled lizard (D:2)
  A kobold (D:1)
  A rat (D:2)
24 creatures vanquished.

Notes
Turn   | Place    | Note
-------+----------+-------------------------------------------
     0 | D:1      | Gorglomux the Gargoyle Fighter began the quest for the Orb.
     0 | D:1      | Reached XP level 1. HP: 14/14 MP: 1/1
   168 | D:2      | Reached XP level 2. HP: 17/19 MP: 2/2
   379 | D:2      | Reached XP level 3. HP: 22/23 MP: 3/3
   481 | D:2      | Found a glowing silver altar of Zin.
   552 | D:3      | Reached XP level 4. HP: 21/29 MP: 4/4
   566 | D:3      | Slain by an orc

Vault maps used:
D:1:      ldierk_water_garden, minivault_24, minmay_split_cup_large
D:2:      kennysheep_slug_shrine, zin_academy
D:3:      ashenzari_conservatory_becter, minmay_cupped

Skill      XL: |  1  2  3  4 |
---------------+-------------+-----
Axes           | 2 |  2.6
Fighting       | 4 |  4.0
Armour         | 4 |  4.0
Shields        | 4 |  4.0

Action                   |  1- 3 |  4- 6 || total
-------------------------+-------+-------++-------
Melee: War axe           |    77 |    14 ||    91
Armor: Scale mail        |    32 |    12 ||    44
Dodge: Dodged            |    18 |     6 ||    24
Block: Shield            |    41 |     8 ||    49

Table legend:
 A = Spawn XP
 B = Non-spawn XP
 C = Spawn XP percentage of total XP
 D = Spawn monster count
 E = Non-spawn monster count
 F = Spawn count percentage of total count
 G = Total turns spent on level
                    A         B        C        D         E        F      G
               +---------+---------+-------+---------+---------+-------+---------
         Total |       0 |     128 |   0.0 |       0 |      24 |   0.0 |   566
               +---------+---------+-------+---------+---------+-------+---------
           D:1 |       0 |       8 |   0.0 |       0 |       4 |   0.0 |   162
           D:2 |       0 |      70 |   0.0 |       0 |      15 |   0.0 |   381
           D:3 |       0 |      50 |   0.0 |       0 |       5 |   0.0 |    23
               +---------+---------+-------+---------+---------+-------+---------
